 Dungeon Crawl Stone Soup version 0.21-a0-508-gf08a75f (webtiles) character file.

5015 BingusPrime the Martial Artist (level 10, -7/76 HPs)
             Began as a Gnoll Transmuter on Nov 28, 2017.
             Was a Believer of Dithmenos.
             Mangled by a yak (15 damage)
             ... on level 9 of the Dungeon.
             The game lasted 01:12:10 (9918 turns).

BingusPrime the Martial Artist (Gnoll Transmuter)   Turns: 9918, Time: 01:12:11

Health: -7/76      AC:  2    Str: 12    XL:     10   Next: 54%
Magic:  16/21      EV: 28    Int: 17    God:    Dithmenos [**....]
Gold:   156        SH:  0    Dex: 23    Spells: 8/23 levels left

rFire    . . .     SeeInvis .     - Unarmed
rCold    . . .     Gourm    .   (shield currently unavailable)
rNeg     . . .     Faith    .   (armour currently unavailable)
rPois    x         Spirit   .   (helmet currently unavailable)
rElec    .         Reflect  .   (cloak currently unavailable)
rCorr    .         Harm     .   (gloves currently unavailable)
MR       .....                  (boots currently unavailable)
Stlth    ++++......             (no amulet)
HPRegen  0.22/turn              (no ring)
MPRegen  0.17/turn              (no ring)

@: spider-form, flying, wreathed by umbra
A: tiny, distributed training, strong nose
a: End Transformation, Shadow Step, Renounce Religion


You were on level 9 of the Dungeon.
You worshipped Dithmenos.
Dithmenos was pleased with you.
You were not hungry.
You were a venomous arachnid creature.
You visited 2 branches of the dungeon, and saw 10 of its levels.

You collected 312 gold pieces.
You spent 156 gold pieces at shops.

Inventory:

Hand Weapons
 e - a +0 hand axe
 m - a +0 spear
 t - a +1 hunting sling of freezing
 u - a +3 dagger
 E - a +0 long sword
 F - a cursed -3 war axe (melded)
 I - a +1 dagger of draining
 L - a +0 antimagic glaive
 P - a +2 vampiric war axe
Missiles
 a - 30 arrows
 i - 70 poisoned needles
 q - 63 bolts
Armour
 b - a +1 robe
 d - the -1 helmet "Ufodaonyvi" {-Cast rN+ Dex+9}
   (You took it off Robin on level 2 of the Dungeon)

   It affects your dexterity (+9).
   It protects you from negative energy.
   It prevents spellcasting.
 g - the +10 plate armour of the Gusle {Stlth+}
   (You found it on level 5 of the Dungeon)

   It makes you more stealthy.
 v - a scarf of cloud immunity (melded)
 B - a +1 leather armour of magic resistance (melded)
 C - a +1 robe of magic resistance
Magical Staves
 x - an uncursed staff of air {unknown}
Jewellery
 O - a +5 amulet of reflection {unknown}
Wands
 r - a wand of acid (5)
Scrolls
 s - 4 scrolls of teleportation
 w - a scroll of identify
 y - a scroll of remove curse
 A - 2 scrolls of enchant armour
 M - a scroll of enchant weapon
Potions
 f - 6 potions of haste
 h - 4 potions of agility
 j - a potion of flight
 l - 4 potions of curing
 z - a potion of invisibility {unknown}
 D - 2 potions of brilliance {unknown}
 H - 2 potions of degeneration {unknown}
Books
 c - a book of Changes

   Spells                             Type                      Level
   a - Beastly Appendage              Transmutation                1
   b - Sticks to Snakes               Transmutation                2
   c - Spider Form                    Transmutation/Poison         3
   d - Ice Form                       Ice/Transmutation            4
   e - Blade Hands                    Transmutation                5
 K - a book of Conjurations

   Spells                             Type                      Level
   a - Magic Dart                     Conjuration                  1
   b - Searing Ray                    Conjuration                  2
   c - Dazzling Spray                 Conjuration/Hexes            3
   d - Fulminant Prism                Conjuration/Hexes            4
   e - Force Lance                    Conjuration/Translocation    4
   f - Iskenderun's Mystic Blast      Conjuration                  4
Comestibles
 k - a meat ration
 n - 5 royal jellies
 p - 2 bread rations


   Skills:
 + Level 5.9 Fighting
 + Level 5.3 Short Blades
 + Level 5.3 Long Blades
 + Level 5.3 Axes
 + Level 5.3 Maces & Flails
 + Level 5.3 Polearms
 + Level 5.3 Staves
 + Level 5.3 Slings
 + Level 5.3 Bows
 + Level 5.3 Crossbows
 + Level 5.3 Throwing
 + Level 5.3 Armour
 + Level 7.1 Dodging
 + Level 5.3 Stealth
 + Level 5.3 Shields
 + Level 8.5 Unarmed Combat
 + Level 7.3 Spellcasting
 + Level 4.3 Conjurations
 + Level 4.3 Hexes
 + Level 4.3 Charms
 + Level 4.3 Summonings
 + Level 4.3 Necromancy
 + Level 4.3 Translocations
 + Level 5.9 Transmutations
 + Level 4.3 Fire Magic
 + Level 4.3 Ice Magic
 + Level 4.3 Air Magic
 + Level 4.3 Earth Magic
 + Level 4.3 Poison Magic
 + Level 5.8 Invocations
 + Level 5.3 Evocations


You had 8 spell levels left.
You knew the following spells:

 Your Spells              Type           Power        Failure   Level  Hunger
a - Beastly Appendage     Tmut           ####..       5%          1    None
b - Spider Form           Tmut/Pois      ###.......   13%         3    ##.....
c - Sticks to Snakes      Tmut           ####....     7%          2    None
d - Blade Hands           Tmut           ####......   47%         5    #####..
e - Ice Form              Ice/Tmut       ###.....     30%         4    ####...


Dungeon Overview and Level Annotations

Branches:
Dungeon (9/15)             Temple (1/1) D:5
   Lair: D:8-11         Orc: D:9-12

Altars:
Ashenzari
Cheibriados
Dithmenos
Elyvilon
Fedhas
Gozag
Hepliaklqana
Kikubaaqudgha
Makhleb
Nemelex Xobeh
Okawaru
Qazlal
Ru
Sif Muna
Trog
Uskayaw
Vehumet
Wu Jian
Xom
Yredelemnul
Zin
The Shining One

Shops:
D:4 !

Annotations:
D:2 Sigmund
D:7 BigFatTexta's ghost, novice MiBe


Innate Abilities, Weirdness & Mutations

Your experience applies equally to all skills.
((You have very sharp teeth.))
Your uncanny sense of smell can sniff out nearby items.
((You have large cloven feet.))
((You are partially covered in iridescent scales. (AC +2)))


Message History

Your +1 leather armour of magic resistance unmelds from your body.
You feel immune to the effects of clouds.
You feel resistant to hostile enchantments.
The yak gores you!
* * * LOW HITPOINT WARNING * * *
Casting: Spider Form
Confirm with . or Enter, or press ? or * to list all spells.
You turn into a venomous arachnid creature.
Your cursed -3 war axe melds into your body.
Your scarf of cloud immunity melds into your body.
Your +1 leather armour of magic resistance melds into your body.
You feel vulnerable to the effects of clouds.
You feel less resistant to hostile enchantments.
The yak misses you.
You feel very buoyant.
You fly up into the air.
The yak completely misses you.
You hit the yak.
The yak is severely wounded.
The yak gores you!
You die...

.=.......g..#
####.........#
....<.....)[## .
###?...##### #
#####?>..#########
#..o...g.Y...... .
#.#####†###.#### #
#.# #.##...#####
#s# #......Y()()
#Y# ####...#####
#Y# ##.## # #o#
#.# # #.# #.######
#.#########.......
#....o............
##################


You could see 2 yaks and an orc.

Vanquished Creatures
  Pikel (D:4)
  The ghost of plsesad the Skirmisher, a novice DsBe of Trog (D:6)
  A troll (D:9)
  A hippogriff (D:7)
  3 hogs (D:7)
  Eustachio (D:4)
  A yak (D:9)
  3 slaves (D:4)
  3 orc warriors
  2 phantoms (D:6)
  A black bear (D:9)
  3 ogres
  A necrophage (D:7)
  2 centaurs
  4 bullfrogs
  Dowan (D:5)
  3 scorpions
  A wight (D:7)
  4 killer bees (D:8)
  A howler monkey (D:6)
  3 crimson imps
  A bullfrog zombie (D:5)
  A centaur zombie (D:5)
  2 hounds
  8 orc priests
  An iguana (D:9)
  6 orc wizards
  7 worker ants
  3 hound skeletons
  2 worker ant zombies
  Robin (D:2)
  8 gnolls
  5 adders
  2 shadow imps (D:5)
  3 worms
  2 dart slugs
  6 leopard geckos
  23 orcs
  6 giant cockroaches
  15 goblins
  9 hobgoblins
  16 jackals
  8 kobolds
  2 quokkas
  2 ball pythons
  2 bats
  9 frilled lizards
  A jackal skeleton (D:6)
  2 quokka skeletons
  10 rats
204 creatures vanquished.

Vanquished Creatures (collateral kills)
  Duvessa (D:5)
  A slave (D:4)
  An ogre (D:5)
  A bullfrog zombie (D:5)
  A hound (D:5)
  A gnoll (D:4)
  An adder (D:3)
  4 orcs
11 creatures vanquished.

Vanquished Creatures (others)
  A worm (D:4)
1 creature vanquished.

Grand Total: 216 creatures vanquished

Notes
Turn   | Place    | Note
-------+----------+-------------------------------------------
     0 | D:1      | BingusPrime the Gnoll Transmuter began the quest for the Orb.
     0 | D:1      | Reached XP level 1. HP: 17/17 MP: 6/6
   130 | D:1      | Reached XP level 2. HP: 15/23 MP: 7/7
   806 | D:1      | Reached XP level 3. HP: 25/28 MP: 7/9
   811 | D:1      | Learned a level 3 spell: Spider Form
  1023 | D:1      | Reached skill level 5 in Spellcasting
  1245 | D:2      | Noticed Robin
  1265 | D:2      | Killed Robin
  1265 | D:2      | Reached skill level 1 in Invocations
  1269 | D:2      | Got a twisted helmet
  1276 | D:2      | Reached skill level 1 in Short Blades
  1276 | D:2      | Reached skill level 1 in Long Blades
  1276 | D:2      | Reached skill level 1 in Axes
  1276 | D:2      | Reached skill level 1 in Maces & Flails
  1276 | D:2      | Reached skill level 1 in Polearms
  1276 | D:2      | Reached skill level 1 in Staves
  1276 | D:2      | Reached skill level 1 in Slings
  1276 | D:2      | Reached skill level 1 in Bows
  1276 | D:2      | Reached skill level 1 in Crossbows
  1276 | D:2      | Reached skill level 1 in Throwing
  1276 | D:2      | Reached skill level 1 in Armour
  1276 | D:2      | Reached skill level 1 in Stealth
  1276 | D:2      | Reached skill level 1 in Shields
  1276 | D:2      | Reached skill level 1 in Evocations
  1288 | D:2      | Identified the cursed -1 helmet "Ufodaonyvi" {-Cast rN+ Dex+9} (You took it off Robin on level 2 of the Dungeon)
  1301 | D:2      | Noticed Sigmund
  1402 | D:2      | Reached XP level 4. HP: 30/34 MP: 9/11
  1620 | D:2      | Reached skill level 1 in Conjurations
  1620 | D:2      | Reached skill level 1 in Hexes
  1620 | D:2      | Reached skill level 1 in Charms
  1620 | D:2      | Reached skill level 1 in Summonings
  1620 | D:2      | Reached skill level 1 in Necromancy
  1620 | D:2      | Reached skill level 1 in Translocations
  1620 | D:2      | Reached skill level 1 in Fire Magic
  1620 | D:2      | Reached skill level 1 in Ice Magic
  1620 | D:2      | Reached skill level 1 in Air Magic
  1620 | D:2      | Reached skill level 1 in Earth Magic
  1620 | D:2      | Reached skill level 1 in Poison Magic
  2605 | D:3      | Reached XP level 5. HP: 40/40 MP: 8/12
  2657 | D:3      | Found a shimmering altar of Xom.
  2690 | D:3      | Found a shattered altar of Ashenzari.
  2717 | D:3      | Found a snail-covered altar of Cheibriados.
  2736 | D:3      | Found a radiant altar of Vehumet.
  2756 | D:3      | Learned a level 2 spell: Sticks to Snakes
  2762 | D:3      | Learned a level 5 spell: Blade Hands
  3573 | D:4      | Found an opulent altar of Gozag.
  3575 | D:4      | Found a hide-covered altar of Uskayaw.
  3631 | D:4      | Reached XP level 6. HP: 47/47 MP: 9/13
  3635 | D:4      | Noticed a slave
  3637 | D:4      | Noticed a slave
  3638 | D:4      | Noticed Pikel
  3638 | D:4      | Noticed a slave
  3639 | D:4      | Noticed a slave
  3649 | D:4      | Killed a slave
  3657 | D:4      | Killed Pikel
  3657 | D:4      | Reached skill level 5 in Dodging
  3657 | D:4      | Reached skill level 7 in Unarmed Combat
  3657 | D:4      | Reached XP level 7. HP: 39/53 MP: 5/15
  3714 | D:4      | Noticed Eustachio
  3930 | D:4      | Reached XP level 8. HP: 48/60 MP: 6/16
  4066 | D:4      | Killed Eustachio
  4106 | D:4      | Found Roligh's Distillery.
  4115 | D:4      | Bought a potion of mutation for 96 gold pieces
  4115 | D:4      | Bought a potion of heal wounds for 60 gold pieces
  4115 | D:4      | Gained mutation: You have large cloven feet. [potion of mutation]
  4115 | D:4      | Gained mutation: You are partially covered in iridescent scales. (AC +2) [potion of mutation]
  4474 | D:5      | Entered Level 5 of the Dungeon
  4582 | D:5      | Found a staircase to the Ecumenical Temple.
  4592 | Temple   | Entered the Ecumenical Temple
  4774 | Temple   | Became a worshipper of Dithmenos the Shadowed
  4828 | D:5      | Learned a level 4 spell: Ice Form
  5053 | D:5      | Got a jewelled plate armour
  5080 | D:5      | Identified the +10 plate armour of the Gusle {Stlth+} (You found it on level 5 of the Dungeon)
  5413 | D:5      | Noticed Dowan
  5416 | D:5      | Noticed Duvessa
  5424 | D:5      | Killed Duvessa
  5433 | D:5      | Killed Dowan
  5850 | D:6      | Noticed plsesad's ghost (novice DsBe)
  5864 | D:6      | HP: 2/61 [plsesad's ghost (13)]
  5873 | D:5      | Reached * piety under Dithmenos
  5873 | D:5      | Reached XP level 9. HP: 18/66 MP: 11/18
  6126 | D:6      | Reached skill level 5 in Transmutations
  6152 | D:6      | Killed plsesad's ghost
  6391 | D:6      | Reached skill level 5 in Fighting
  6963 | D:7      | Reached skill level 8 in Unarmed Combat
  7270 | D:7      | Reached skill level 5 in Invocations
  7321 | D:7      | HP: 3/68 [hog (4)]
  7331 | D:7      | Reached XP level 10. HP: 26/74 MP: 18/20
  7490 | D:7      | Noticed BigFatTexta's ghost (novice MiBe)
  7729 | D:8      | HP: 3/74 [bullfrog (1)]
  7730 | D:8      | HP: 1/74 [bullfrog (2)]
  7737 | D:8      | HP: 1/74 [poisoned by a killer bee]
  9104 | D:7      | Reached skill level 5 in Short Blades
  9104 | D:7      | Reached skill level 5 in Long Blades
  9104 | D:7      | Reached skill level 5 in Axes
  9104 | D:7      | Reached skill level 5 in Maces & Flails
  9104 | D:7      | Reached skill level 5 in Polearms
  9104 | D:7      | Reached skill level 5 in Staves
  9104 | D:7      | Reached skill level 5 in Slings
  9104 | D:7      | Reached skill level 5 in Bows
  9104 | D:7      | Reached skill level 5 in Crossbows
  9104 | D:7      | Reached skill level 5 in Throwing
  9104 | D:7      | Reached skill level 5 in Armour
  9104 | D:7      | Reached skill level 5 in Stealth
  9104 | D:7      | Reached skill level 5 in Shields
  9104 | D:7      | Reached skill level 5 in Evocations
  9112 | D:7      | Reached ** piety under Dithmenos
  9785 | D:9      | Noticed a two-headed ogre
  9918 | D:9      | Mangled by a yak

Vault maps used:
D:1:      nicolae_arrival_washed_ashore, item_on_display_a
D:2:      uniq_sigmund, uniq_robin
D:3:      nicolae_overflow_quartered_altars, first_bread,
          kennysheep_generic_room_11
D:4:      minitemple, serial_shops, kennysheep_mini, hangedman_decor_lopped,
          minmay_misc_feat_diagonals, uniq_pikel, uniq_eustachio
D:5:      temple_pool_b, st_stairs_9, hangedman_abyss_or_decor_passed,
          uniq_duvessa
D:7:      grunt_livestock, st_stairs_14
Temple:   eino_temple_rhombus

Skill      XL: |  1  2  3  4  5  6  7  8  9 10 |
---------------+-------------------------------+-----
Spellcasting   | 5 6 7 |  7.3
Invocations    | 1 2 3 4 5 |  5.8
Short Blades   | 1 2 3 4 5 |  5.3
Long Blades    | 1 2 3 4 5 |  5.3
Axes           | 1 2 3 4 5 |  5.3
Maces & Flails | 1 2 3 4 5 |  5.3
Polearms       | 1 2 3 4 5 |  5.3
Staves         | 1 2 3 4 5 |  5.3
Slings         | 1 2 3 4 5 |  5.3
Bows           | 1 2 3 4 5 |  5.3
Crossbows      | 1 2 3 4 5 |  5.3
Throwing       | 1 2 3 4 5 |  5.3
Armour         | 1 2 3 4 5 |  5.3
Stealth        | 1 2 3 4 5 |  5.3
Shields        | 1 2 3 4 5 |  5.3
Evocations     | 1 2 3 4 5 |  5.3
Conjurations   | 1 2 3 4 |  4.3
Hexes          | 1 2 3 4 |  4.3
Charms         | 1 2 3 4 |  4.3
Summonings     | 1 2 3 4 |  4.3
Necromancy     | 1 2 3 4 |  4.3
Translocations | 1 2 3 4 |  4.3
Fire Magic     | 1 2 3 4 |  4.3
Ice Magic      | 1 2 3 4 |  4.3
Air Magic      | 1 2 3 4 |  4.3
Earth Magic    | 1 2 3 4 |  4.3
Poison Magic   | 1 2 3 4 |  4.3
Fighting       | 3 4 5 |  5.9
Transmutations | 4 5 |  5.9
Dodging        | 5 6 7 |  7.1
Unarmed Combat | 7 8 |  8.5

Action                   |  1- 3 |  4- 6 |  7- 9 | 10-12 || total
-------------------------+-------+-------+-------+-------++-------
Melee: Hand axe          |    85 |    20 |     7 |       ||   112
       Headbutt          |    10 |     3 |       |       ||    13
       Kick              |     4 |     3 |     4 |     1 ||    12
       Bite              |     7 |     4 |       |     1 ||    12
       Unarmed           |    23 |    93 |   259 |   162 ||   537
       Punch             |     2 |       |       |       ||     2
       Rapier            |       |       |     1 |       ||     1
       War axe           |       |       |       |     5 ||     5
 Cast: Beastly Appendage |    18 |     7 |       |       ||    25
       Spider Form       |     3 |    34 |    43 |    24 ||   104
       Sticks to Snakes  |       |     4 |    17 |    21 ||    42
 Abil: End Transformatio |       |       |     1 |       ||     1
  Use: Scroll            |     3 |     3 |    13 |    11 ||    30
       Potion            |       |       |     3 |     2 ||     5
 Stab: Sleeping          |     2 |     2 |     5 |     5 ||    14
       Distracted        |       |       |     1 |     1 ||     2
  Eat: Bread ration      |     1 |     2 |     2 |     2 ||     7
       Chunk             |       |       |     4 |       ||     4
Armor: Robe              |    17 |     2 |       |       ||    19
       Skin              |     1 |       |     5 |     3 ||     9
       Plate armour      |       |       |     7 |       ||     7
       Leather armour    |       |       |     2 |       ||     2
Dodge: Dodged            |   134 |    99 |   256 |   229 ||   718

Table legend:
 A = Spawn XP
 B = Non-spawn XP
 C = Spawn XP percentage of total XP
 D = Spawn monster count
 E = Non-spawn monster count
 F = Spawn count percentage of total count
 G = Total turns spent on level
                    A         B        C        D         E        F      G
               +---------+---------+-------+---------+---------+-------+---------
         Total |       0 |    7165 |   0.0 |       0 |     211 |   0.0 |  9918
               +---------+---------+-------+---------+---------+-------+---------
           D:1 |       0 |      45 |   0.0 |       0 |      28 |   0.0 |  1225
           D:2 |       0 |     103 |   0.0 |       0 |      27 |   0.0 |  1037
           D:3 |       0 |     153 |   0.0 |       0 |      32 |   0.0 |  1275
           D:4 |       0 |    1085 |   0.0 |       0 |      15 |   0.0 |   937
           D:5 |       0 |    1051 |   0.0 |       0 |      34 |   0.0 |  1410
           D:6 |       0 |    1285 |   0.0 |       0 |      19 |   0.0 |   855
           D:7 |       0 |    1707 |   0.0 |       0 |      22 |   0.0 |   978
           D:8 |       0 |     600 |   0.0 |       0 |      14 |   0.0 |  1564
           D:9 |       0 |    1136 |   0.0 |       0 |      20 |   0.0 |   440
               +---------+---------+-------+---------+---------+-------+---------
